 Dungeon Crawl Stone Soup version 0.29.1-2-gbd0b4ee654 (webtiles) character file.

Game seed: 6533983908155565978

18 mortz the Trooper (level 2, -2/19 HPs)
             Began as a Gargoyle Monk on Nov 2, 2022.
             Slain by a hobgoblin (3 damage)
             ... on level 1 of the Dungeon.
             The game lasted 00:03:05 (491 turns).

mortz the Trooper (Gargoyle Monk)                    Turns: 491, Time: 00:03:05

Health: -2/19      AC:  4    Str: 14    XL:     2   Next: 66%
Magic:  2/2        EV: 12    Int: 10    God:
Gold:   17         SH:  0    Dex: 12    Spells: 1/1 levels left

rFire   . . .      SeeInvis .   a - +0 falchion
rCold   . . .      Faith    .   (no shield)
rNeg    + . .      Spirit   .   b - +0 robe
rPois   ∞          Reflect  .   (no helmet)
rElec   +          Harm     .   (no cloak)
rCorr   .          Rampage  .   (no gloves)
Will    .....                   (no boots)
Stlth   ++........              (no amulet)
HPRegen 0.06/turn               (no ring)
MPRegen 0.08/turn               (no ring)

@: no status effects
A: sickness immunity, AC +2, negative energy resistance 1, electricity
resistance, torment resistance 1, petrification resistance
a: no special abilities


You were on level 1 of the Dungeon.
You visited 1 branch of the dungeon, and saw 1 of its levels.

You collected 17 gold pieces.

Inventory:

Hand Weapons
 a - a +0 falchion (weapon)
 d - a +0 dagger
Armour
 b - a +0 robe (worn)
Scrolls
 e - a scroll of blinking {unknown}
Potions
 c - a potion of ambrosia


   Skills:
 + Level 3.6 Fighting
 + Level 3.0 Long Blades
 + Level 2.6 Dodging
 + Level 2.3 Stealth


You had one spell level left.
You didn't know any spells.
Your spell library contained the following spells:

 Spells                   Type           Power      Damage    Failure   Level
 Summon Ice Beast         Ice/Summ       0%         N/A       98%         4
 Summon Mana Viper        Hex/Summ       0%         N/A       100%        5
 Monstrous Menagerie      Summ           0%         N/A       100%        7


Dungeon Overview and Level Annotations

Branches:
Dungeon (1/15) Zot: 5501

Altars:


Innate Abilities, Weirdness & Mutations

You are immune to sickness and miasma.
Your stone body is resilient. (AC +2)
You are immune to poison.
You resist negative energy. (rN+)
You are resistant to electric shocks. (rElec)
You are resistant to unholy torment.
You are immune to petrification.


Message History

Found 4 poisoned darts.
You hit the hobgoblin.
The hobgoblin is heavily wounded.
You hit the hobgoblin.
You kill the hobgoblin!
You see here a hobgoblin corpse.
A rat comes into view.
The helpless rat fails to defend itself.
You slash the rat!
You kill the rat!
You see here a rat corpse.
You open the door.
There is an open door here.
You pick up a book of Beasts and begin reading...
You add the spells Summon Ice Beast, Summon Mana Viper and Monstrous Menagerie to your library.
The hobgoblin shouts!
You hit the hobgoblin but do no damage.
You hear a shout!
You hear an angry hiss.
The hobgoblin hits you with a +0 trident.
You closely miss the hobgoblin.
A hobgoblin comes into view.
The hobgoblin closely misses you.
A quokka comes into view.
You closely miss the hobgoblin. The hobgoblin closely misses you.
You closely miss the hobgoblin.
The hobgoblin hits you with a +0 trident.
You closely miss the hobgoblin.
A kobold comes into view. It is wielding a +0 arbalest.
The hobgoblin hits you with a +0 trident.
The hobgoblin closely misses you.
You completely miss the hobgoblin.
A bat comes into view.
The hobgoblin hits you with a +0 trident.
You barely miss the hobgoblin. The hobgoblin hits you.
* * * LOW HITPOINT WARNING * * *
The hobgoblin hits you with a +0 trident.
* * * LOW HITPOINT WARNING * * *
The hobgoblin misses you. The hobgoblin attacks as you move away!
The hobgoblin hits you.
You die...

####### #########
###.....#######.......###
b.....gg..............'..
#.@.##..........###
###.##.##.......###
#.##............#
#.............#.#
###.#....#..###..
.....#..#......#
##.##.##.#....#.# ...
.............
...##......##.#.#


You could see 2 hobgoblins.

Vanquished Creatures
  A dart slug (D:1)
  3 bats (D:1)
  A goblin (D:1)
  A hobgoblin (D:1)
  2 jackals (D:1)
  2 ball pythons (D:1)
  2 frilled lizards (D:1)
  2 kobolds (D:1)
  2 rats (D:1)
16 creatures vanquished.

Notes
Turn   | Place    | Note
-------+----------+-------------------------------------------
     0 | D:1      | mortz the Gargoyle Monk began the quest for the Orb.
     0 | D:1      | Reached XP level 1. HP: 14/14 MP: 1/1
   253 | D:1      | Reached XP level 2. HP: 17/19 MP: 2/2
   491 | D:1      | Slain by a hobgoblin

Illustrated notes

Levels and vault maps discovered:
D:1:      elethiomel_arrival_shortcut, layout_basic, minivault_5,
          minmay_indecisive_spiral

Skill      XL: |  1  2 |
---------------+-------+-----
Long Blades    | 3 |  3.0
Fighting       | |  3.6
Dodging        | |  2.6
Stealth        | |  2.3

Action                   || total
-------------------------++-------
Melee: Falchion          ||    48
       Punch             ||     3
 Stab: Sleeping          ||     2
Armor: Robe              ||     8
Dodge: Dodged            ||    32
